 Dungeon Crawl Stone Soup version 0.31-a0-851-g7ff8af7976 (webtiles) character file.

Game seed: 14586256995583775699

44 Gladio the Shield-Bearer (level 3, -3/30 HPs)
             Began as a Formicid Fighter on Oct 6, 2023.
             Slain by Sigmund
             ... wielding a +0 scythe
              (8 damage)
             ... on level 2 of the Dungeon.
             The game lasted 00:02:17 (1281 turns).

Gladio the Shield-Bearer (Formicid Fighter)         Turns: 1281, Time: 00:02:18

Health: -3/30      AC:  9    Str: 22    XL:     3   Next: 87%
Magic:  3/3        EV:  8    Int:  7    God:
Gold:   81         SH:  5    Dex: 13    Spells: 2/2 levels left

rFire   . . .        a - +0 quarterstaff
rCold   . . .        c - +0 buckler
rNeg    . . .        l - +0 chain mail
rPois   .            (helmet unavailable)
rElec   .            (no cloak)
rCorr   .            (no gloves)
SInv    +            (no boots)
Will    .....        (no amulet) Stlth
                     (no ring)
HPRegen 0.25/turn    (no ring)
MPRegen 0.08/turn

%: no passive effects
@: no status effects
A: permanent stasis, dig shafts and tunnels, antennae 3, four strong arms
a: Dig, Shaft Self


You were on level 2 of the Dungeon.
You visited 1 branch of the dungeon, and saw 2 of its levels.

You collected 81 gold pieces.

Inventory:

Hand Weapons
 a - a +0 quarterstaff (weapon)
Armour
 c - a +0 buckler (worn)
 l - a +0 chain mail (worn)
Jewellery
 h - an amulet of the acrobat
Scrolls
 b - a scroll of fear {unknown}
 e - 2 scrolls of poison {unknown}
 f - 4 scrolls of identify {unknown}
 g - a scroll of revelation {unknown}
 i - a scroll of fog {unknown}
 k - a scroll of brand weapon {unknown}
Potions
 d - a potion of might
 j - 4 potions of curing {unknown}
 m - a potion of heal wounds {unknown}
 n - a potion of mutation {unknown}
 o - a potion of degeneration {unknown}
 p - 2 potions of enlightenment {unknown}


   Skills:
 + Level 3.6 Fighting
 * Level 2.8 Staves
 + Level 3.6 Armour
 + Level 4.5 Shields


You had 2 spell levels left.
You didn't know any spells.
Your spell library contained the following spells:

 Spells                   Type           Power      Damage    Failure   Level
 Malign Gateway           Summ/Tloc      0%         N/A       100%        7
 Summon Horrible Things   Summ           0%         N/A       100%        8


Dungeon Overview and Level Annotations

Branches:
Dungeon (2/15)

Altars:
Makhleb

Annotations:
D:2 Sigmund


Innate Abilities, Weirdness & Mutations

You cannot be hasted, slowed, berserked, paralysed or teleported.
You can dig through walls and to a lower floor.
You have a pair of large antennae on your head. (SInv)
Your four strong arms can wield two-handed weapons with a shield.


Message History

Sigmund is lightly wounded.
Sigmund hits you but does no damage.
You hit Sigmund.
Sigmund is moderately wounded.
Sigmund hits you with a +0 scythe!
* * * LOW HITPOINT WARNING * * *
You hit Sigmund.
Sigmund is heavily wounded.
You hit Sigmund but do no damage.
Sigmund is heavily wounded.
Sigmund casts a spell at you.
You are confused.
You bump into the rock wall.
Sigmund closely misses you.
You bump into the rock wall.
Sigmund hits you with a +0 scythe!
* * * LOW HITPOINT WARNING * * *
Found 12 gold pieces.
Sigmund attacks as he pursues you! Sigmund completely misses you.
Sigmund laughs darkly.
Sigmund hits you but does no damage.
You closely miss Sigmund.
Sigmund is heavily wounded.
Sigmund barely misses you.
You bump into the rock wall.
You feel less confused.
You closely miss Sigmund.
Sigmund is heavily wounded.
You block Sigmund's attack.
You closely miss Sigmund.
Sigmund is heavily wounded.
Sigmund barely misses you.
You closely miss Sigmund.
Sigmund is heavily wounded.
Sigmund barely misses you.
You closely miss Sigmund.
Sigmund is heavily wounded.
You closely miss Sigmund.
Sigmund is heavily wounded.
Sigmund hits you with a +0 scythe!
You die...
Sigmund begins carving another notch in his scythe.

###### ##.$ #.. #..
#.. #.# #.# ,#
#######.###.#
........@@K.#
#######.##### #.#
#.#################
#..................
#.#################
####.# #....#
######


You could see Sigmund and a kobold.

Vanquished Creatures
  4 ball pythons
  3 bats (D:1)
  2 endoplasms
  A giant cockroach (D:1)
  10 goblins
  3 hobgoblins (D:2)
  4 jackals (D:1)
  5 kobolds
  2 quokkas
  3 frilled lizards
  2 rats (D:1)
39 creatures vanquished.

Notes
Turn   | Place    | Note
-------+----------+-------------------------------------------
     0 | D:1      | Gladio the Formicid Fighter began the quest for the Orb.
     0 | D:1      | Reached XP level 1. HP: 18/18 MP: 1/1
   119 | D:1      | Reached XP level 2. HP: 23/24 MP: 2/2
   491 | D:1      | Reached XP level 3. HP: 29/29 MP: 3/3
   889 | D:2      | Found a burning altar of Makhleb.
  1080 | D:2      | Found a faded altar of an unknown god.
  1261 | D:2      | Noticed Sigmund
  1281 | D:2      | Slain by Sigmund

Illustrated notes

Levels and vault maps discovered:
D:1:      lightli_arrival_noodles, layout_loops_ring, st_stairs_3,
          minmay_indecisive_spiral
D:2:      layout_basic, nicolae_ecumenical_lake_church, basic_altar,
          uniq_sigmund

Action                     || total
---------------------------++-------
  Melee: Quarterstaff      ||   108
 Armour: Scale mail        ||    48
         Chain mail        ||    15
  Dodge: Dodged            ||    53
  Block: Buckler           ||    24

Table legend: (Time is in decaauts)
 A = Elapsed time spent in this place.
 B = Non-inter-level travel time spent in this place.
 C = Inter-level travel time spent in this place.
 D = Time resting spent in this place.
 E = Time spent auto-exploring this place.
 F = Levels seen in this place.
 G = Mean time per level.
                   A        B        C        D        E       F      G
               +--------+--------+--------+--------+--------+-----+--------+
         Total |   1302 |   1237 |     65 |      0 |    933 |   2 |  651.0 |
       Dungeon |   1302 |   1237 |     65 |      0 |    933 |   2 |  651.0 |
               +--------+--------+--------+--------+--------+-----+--------+

Top non-repeatable levels by time:
     D:1: 754 daAuts
     D:2: 547 daAuts
